Map: Defender's Landing LE

Players

Azathoth - Winner!

  • Race: Terran Terran
  • League: Platinum
  • Spawn Location: 1:00

Whiskydog

  • Race: Terran Terran
  • League: Silver
  • Spawn Location: 7:00

VOD

Have the link to the VOD?

Description

Time

  • Played on: June 3, 2017, 10:17 p.m.
  • Length: 6:38
Show
View Real Time Build Order
Export as new Build Order

Azathoth Terran - Winner!

Build Orders:  

Get SALT Encoding   

  12  0:01  SCV  
  13  0:19  SCV  
  13  0:21  Supply Depot  
  14  0:30  Refinery  
  14  0:31  SCV  
  15  0:44  Barracks  
  15  0:47  SCV  
  16  1:00  SCV  
  17  1:12  SCV  
  18  1:25  SCV  
  19  1:37  Supply Depot, Reaper  
  20  1:40  Orbital Command  
  20  1:43  Refinery  
  20  1:56  Factory  
  20  2:04  Barracks  
  20  2:23  Barracks Reactor  
  20  2:25  SCV  
  21  2:31  Supply Depot  
  21  2:42  Starport, Factory Tech Lab  
  21  2:57  Marine  
  22  3:15  Marine  
  23  3:21  Command Center  
  23  3:23  Starport Reactor  
  23  3:32  Engineering Bay  
  23  3:33  Marine  
  24  3:36  Siege Tank  
  27  3:53  Marine x2  
  29  3:56  Barracks Tech Lab  
  29  4:06  Missile Turret  
  29  4:11  Marine x2  
  31  4:17  Medivac  
  32  4:26  Missile Turret  
  32  4:29  Marine, SCV  
  34  4:46  Marine x2  
  34  4:47  Marine  
  34  4:49  Missile Turret  
  37  4:54  Siege Tank  
  40  5:01  Medivac  
  40  5:04  Marine x3  
  40  5:06  Medivac  
  47  5:18  Orbital Command  
  47  5:22  Marine x2  
  49  5:34  SCV  
  50  5:42  Supply Depot  
  50  5:45  Supply Depot  
  50  5:47  SCV x2  
  52  5:59  SCV x2  
  54  6:04  Siege Tank  
  54  6:07  Supply Depot  
  54  6:11  SCV  
  49  6:23  SCV  
Show
View Real Time Build Order
Export as new Build Order

Whiskydog Terran 

Build Orders:  

Get SALT Encoding   

  12  0:02  SCV  
  13  0:16  Supply Depot  
  13  0:18  SCV  
  14  0:30  SCV  
  15  0:41  Supply Depot  
  15  0:42  SCV  
  16  0:51  Barracks  
  16  0:54  SCV  
  17  1:06  SCV  
  18  1:16  Barracks  
  18  1:19  SCV  
  19  1:31  SCV  
  20  1:37  Barracks  
  20  1:55  Command Center  
  20  1:59  SCV  
  21  2:03  Marine  
  21  2:07  Marine  
  24  2:23  Orbital Command  
  23  2:30  Marine x3  
  26  2:48  Marine x3  
  29  2:58  Barracks  
  29  3:05  Barracks  
  29  3:09  Marine  
  29  3:10  Marine x2  
  32  3:15  SCV  
  33  3:22  Supply Depot  
  33  3:27  Marine x3  
  33  3:31  Orbital Command  
  36  3:41  Supply Depot  
  36  3:43  SCV  
  36  3:44  Marine  
  36  3:45  Marine x3  
  41  3:53  Marine  
  42  4:02  Marine, SCV  
  44  4:03  Marine x3  
  44  4:04  SCV  
  48  4:11  Marine  
  49  4:18  SCV  
  49  4:19  SCV  
  51  4:26  Marine x4  
  51  4:29  Marine  
  51  4:31  SCV x2  
  58  4:38  Supply Depot  
  58  4:40  Supply Depot  
  58  4:43  Marine  
  58  4:44  Marine x3  
  62  4:59  Marine, SCV x2  
  65  5:01  Marine x2  
  65  5:02  Marine  
  65  5:03  Marine  
  69  5:17  Marine  
  69  5:19  Marine x2  
  69  5:20  Marine  
  73  5:27  Marine  
  74  5:35  Marine  
  75  5:36  Command Center  
  75  5:37  Marine x3  
  78  5:55  Supply Depot x2  
  78  5:57  Supply Depot  
  78  6:06  Marine  
  78  6:08  Marine x4  
Tags
 
Matchup
TvT
Race
Terran
Replay Pack
SIII
Spawn Locations
Cross Positions
Add a new tag
Caveats
  • Supply blocks, unpowered buildings, or Contaminate may cause inaccurate times.
  • Supply counts are checked every 10 seconds.